 Dungeon Crawl Stone Soup version 0.30-a0-1053-gbd8d5ba0ad (webtiles) character file.

Game seed: 557287138100630047

10256 cforsyth the Summoner (level 11, -18/61 HPs)
             Began as an Octopode Summoner on Apr 11, 2023.
             Was an Initiate of Gozag.
             Killed from afar by a gargoyle (29 damage)
             ... with a stone arrow
             ... on level 10 of the Dungeon.
             The game lasted 00:23:59 (13436 turns).

cforsyth the Summoner (Octopode Summoner)          Turns: 13436, Time: 00:24:00

Health: -18/61     AC:  1    Str:  7    XL:     11   Next: 59%
Magic:  23/35      EV: 13    Int: 22    God:    Gozag
Gold:   744        SH:  0    Dex: 13    Spells: 19/32 levels left

rFire   . . .      SeeInvis .    v - +8 flail of the Sage {heavy, Stlth+}
rCold   + . .      Faith    .    (no shield)
rNeg    . . .      Spirit   .    (helmet restricted)
rPois   .          Reflect  .    (no amulet)
rElec   .          Rampage  .    l - ring of magical power
rCorr   .                        w - ring of protection from cold
Will    .....                    z - ring of flight
Stlth   ++++                     (no ring)
HPRegen 0.30/turn                (no ring)
MPRegen 0.24/turn                (no ring)
                                 (no ring)
                                 (no ring)

@: flying
A: almost no armour, amphibious, 8 rings, camouflage 1, gelatinous body 1,
(nimble swimmer 1), tentacles
a: Renounce Religion, Potion Petition, Call Merchant, Bribe Branch


You were on level 10 of the Dungeon.
You worshipped Gozag.
Gozag was pleased with you.
You visited 2 branches of the dungeon, and saw 11 of its levels.
You also visited: Sewer.

You collected 940 gold pieces.
You paid 196 gold pieces to Gozag.

Inventory:

Hand Weapons
 v - the +8 flail of the Sage (weapon) {heavy, Stlth+}
   (You found it on level 4 of the Dungeon)

   Stlth:     It makes you more stealthy.
Jewellery
 l - a ring of magical power (left tentacle)
 w - a ring of protection from cold (right tentacle)
 z - a ring of flight (on tentacle)
 A - a ring of see invisible
 D - a ring of ice
Wands
 r - a wand of roots (6)
 G - a wand of charming (5)
Scrolls
 e - a scroll of enchant weapon
 f - 3 scrolls of noise {unknown}
 g - 2 scrolls of teleportation
 i - 4 scrolls of immolation {unknown}
 k - 3 scrolls of amnesia {unknown}
 m - a scroll of poison {unknown}
 n - 4 scrolls of fog
 o - 3 scrolls of fear {unknown}
 q - a scroll of magic mapping
 t - 2 scrolls of enchant armour {unknown}
 y - a scroll of summoning {unknown}
 B - a scroll of brand weapon {unknown}
 F - a scroll of blinking {unknown}
Potions
 a - 2 potions of magic
 b - 3 potions of resistance
 c - a potion of heal wounds
 d - a potion of berserk rage {unknown}
 h - 2 potions of might
 j - a potion of mutation {unknown}
 p - 3 potions of flight
 s - 3 potions of haste
 u - 2 potions of lignification {unknown}
 x - 3 potions of cancellation
 C - a potion of ambrosia {unknown}
 E - a potion of invisibility {unknown}


   Skills:
 - Level 2.0 Dodging
 - Level 2.6 Stealth
 + Level 11.2 Spellcasting
 - Level 4.0 Hexes
 + Level 12.6 Summonings
 - Level 4.0 Air Magic


You had 19 spell levels left.
You knew the following spells:

 Your Spells              Type           Power      Damage    Failure   Level
a - Summon Small Mammal   Summ           100%       N/A       1%          1
b - Call Imp              Summ           100%       N/A       1%          2
c - Call Canine Familiar  Summ           61%        N/A       1%          3
d - Summon Guardian Gole  Hex/Summ       49%        N/A       1%          3
e - Summon Lightning Spi  Summ/Air       49%        N/A       1%          4

Your spell library contained the following spells:

 Spells                   Type           Power      Damage    Failure   Level
 Ensorcelled Hibernation  Hex/Ice        42%        N/A       3%          2
 Poisonous Vapours        Pois/Air       42%        N/A       3%          2
 Swiftness                Air            29%        N/A       3%          3
 Summon Ice Beast         Ice/Summ       40%        N/A       4%          4
 Apportation              Tloc           24%        N/A       5%          1
 Magic Dart               Conj           48%        1d5       5%          1
 Necrotise                Necr           48%        1d6       5%          1
 Sting                    Tmut/Pois      48%        1d5       5%          1
 Portal Projectile        Hex/Tloc       42%        N/A       7%          3
 Passwall                 Tmut/Erth      10%        N/A       9%          2
 Searing Ray              Conj           24%        2d5       9%          2
 Mephitic Cloud           Conj/Pois/Air  18%        N/A       10%         3
 Frozen Ramparts          Ice            24%        1d4       16%         3
 Volatile Blastmotes      Fire/Tloc      24%        2d12      16%         3
 Fulminant Prism          Conj/Hex       10%        3d8       24%         4
 Leda's Liquefaction      Hex/Erth       10%        N/A       24%         4
 Ice Form                 Ice/Tmut       12%        N/A       47%         4
 Iskenderun's Mystic Bla  Conj/Tloc      12%        2d5       47%         4
 Olgreb's Toxic Radiance  Pois           12%        N/A       47%         4
 Borgnjor's Vile Clutch   Necr/Erth      6%         N/A       83%         5
 Lee's Rapid Deconstruct  Erth           6%         3d6*      83%         5
 Haunt                    Necr/Summ      20%        N/A       98%         7
 Death Channel            Necr           6%         N/A       100%        6
 Infestation              Necr           6%         N/A       100%        8
 Animate Dead             Necr           Unusable   N/A       N/A         4

Dungeon Overview and Level Annotations

Branches:
Dungeon (10/15)            Temple (1/1) D:5            Lair (0/5) D:9
    Orc (0/2) D:9           Sewer (visited)

Altars:
Ashenzari
Cheibriados
Dithmenos
Elyvilon
Fedhas
Gozag
Hepliaklqana
Makhleb
Nemelex Xobeh
Okawaru
Qazlal
Ru
Trog
Uskayaw
Wu Jian
Xom
Yredelemnul
Zin
The Shining One

Shops:
D:4 :

Annotations:
D:3 3 runed translucent doors, sirJeffrey23's ghost, amateur DrEE
D:4 2 transporters, Pooter's ghost, amateur TrFi


Innate Abilities, Weirdness & Mutations

You cannot wear most types of armour.
You are amphibious.
You can wear up to eight rings at the same time.
Your skin changes colour to match your surroundings (Stealth+).
Your rubbery body absorbs attacks. (AC +1, EV +1)
((You are camouflaged when in or above water. (Stealth+)))
You have tentacles for arms and can constrict up to eight enemies at once.


Message History

Casting: Call Imp (safe; 1% risk of failure)
Confirm with . or Enter, or press ? or * to list all spells.
Casting: Call Canine Familiar (safe; 1% risk of failure)
Confirm with . or Enter, or press ? or * to list all spells.
A guardian golem appears, shielding your allies.
Casting: Summon Guardian Golem (safe; 1% risk of failure)
Confirm with . or Enter, or press ? or * to list all spells.
An electric hum fills the air.
Your wolf bites the gargoyle but does no damage.
Casting: Summon Lightning Spire (dangerous; 1% risk of failure)
Confirm with . or Enter, or press ? or * to list all spells.
A tiny devil pulls itself out of the air.
Your wolf bites the gargoyle but does no damage.
The gargoyle misses you.
Your wolf completely misses the gargoyle.
Casting: Call Imp (safe; 1% risk of failure)
Confirm with . or Enter, or press ? or * to list all spells.
Your wolf bites the gargoyle!
The gargoyle hits you with a +0 mace!!
Casting: Summon Small Mammal (safe; 1% risk of failure)
Confirm with . or Enter, or press ? or * to list all spells.
Your wolf bites the gargoyle but does no damage.
The gargoyle hurls a stone arrow at you.
The stone arrow hits you!!
Your wolf bites the gargoyle but does no damage.
Your cerulean imp hits the gargoyle but does no damage.
Your quokka bites the gargoyle but does no damage.
You completely miss the gargoyle. You grab the gargoyle.
The gargoyle is moderately damaged.
You constrict the gargoyle, but do no damage.
Your wolf bites the gargoyle.
Your wolf completely misses the gargoyle.
The gargoyle hits you with a +0 mace!
* * * LOW HITPOINT WARNING * * *
Your quokka bites the gargoyle but does no damage.
Your cerulean imp hits the gargoyle but does no damage.
Your wolf bites the gargoyle but does no damage.
The gargoyle hurls a stone arrow at you.
The stone arrow hits you!!
You die...
Your body crumbles into a pile of gold.

###############
#.....r........
#.....5@9......
#......h9r..... #
##......8...... #
#...##...##############
#
#...##...##............
#
#.........#............
#
#.........#............
#
#.......>.#............
#
#.........#............


You could see a gargoyle (ally target), a friendly guardian golem (summoned), a
friendly wolf (summoned, sheltered), a friendly lightning spire (summoned,
sheltered), a friendly cerulean imp (summoned, sheltered), a friendly quokka
(summoned, sheltered) and a friendly rat (summoned, sheltered).

Vanquished Creatures
  An orc warrior (D:9)
  A centaur (D:7)
  2 howler monkeys (D:10)
  A hound (D:6)
  An orc wizard (D:9)
  2 adders
  2 river rats (Sewer)
  2 orcs (D:3)
  A bat (D:1)
  2 endoplasms
  3 giant cockroaches (D:1)
  A goblin (D:3)
  3 hobgoblins
  2 jackals (D:2)
  A quokka (D:2)
  2 ball pythons (D:2)
  A frilled lizard (D:1)
  2 kobolds
  4 rats
34 creatures vanquished.

Vanquished Creatures (collateral kills)
  A two-headed ogre (D:9)
  Prince Ribbit (D:9)
  A wyvern (D:9)
  A shadow (D:9)
  6 yaks (D:9)
  A steam dragon (D:8)
  2 acid dragons (D:9)
  A water moccasin (D:7)
  3 orc warriors
  2 sky beasts
  2 black bears
  2 centaurs
  3 kobold brigands
  7 bullfrogs
  A scorpion (D:5)
  3 wights (D:7)
  5 killer bees (D:8)
  2 howler monkeys
  5 orc priests
  2 jellies
  2 gnoll boudas (D:7)
  2 iguanas
  3 sleepcaps (D:5)
  2 orc wizards (D:7)
  Robin (D:3)
  7 gnolls (D:7)
  4 river rats (Sewer)
  12 adders
  A shadow imp (D:5)
  4 white imps
  2 ufetubi (D:5)
  5 worms
  29 orcs
  7 endoplasms
  A giant cockroach (D:2)
  10 goblins
  10 hobgoblins
  2 quokkas
  5 ball pythons
  A bat (D:2)
  24 kobolds
  22 rats
207 creatures vanquished.

Vanquished Creatures (others)
  A two-headed ogre (D:9)
  5 skeletal warriors (D:8)
  A komodo dragon (D:9)
  2 trolls (D:9)
  3 yaks (D:9)
  A black bear (D:4)
  An ogre (D:5)
  A kobold brigand (D:6)
  A scorpion (D:6)
  16 fungi (D:9)
  16 plants
48 creatures vanquished.

Grand Total: 289 creatures vanquished

Notes
Turn   | Place    | Note
-------+----------+-------------------------------------------
     0 | D:1      | cforsyth the Octopode Summoner began the quest for the Orb.
     0 | D:1      | Reached XP level 1. HP: 11/11 MP: 3/3
   265 | D:1      | Reached XP level 2. HP: 14/17 MP: 1/5
   718 | D:2      | Reached XP level 3. HP: 21/21 MP: 4/6
   726 | D:2      | Learned a level 2 spell: Call Imp
   730 | D:2      | Learned a level 3 spell: Call Canine Familiar
   908 | D:2      | Reached XP level 4. HP: 23/27 MP: 8/8
  1301 | D:2      | Reached skill level 5 in Summonings
  2285 | D:3      | Reached XP level 5. HP: 7/31 MP: 3/10
  2745 | D:3      | Noticed Robin
  2755 | D:3      | Killed Robin
  2876 | D:3      | Found a runed translucent gate.
  2877 | D:3      | Found a runed translucent gate.
  2879 | D:3      | Found a runed translucent gate.
  2895 | D:3      | Noticed sirJeffrey23's ghost (amateur DrEE)
  2896 | D:3      | Identified the +3 dagger of Vihied {freeze, Stlth+}
  3319 | D:3      | Learned a level 3 spell: Summon Guardian Golem
  3664 | D:4      | Found a transporter.
  3667 | D:4      | Noticed Pooter's ghost (amateur TrFi)
  3783 | D:4      | Reached XP level 6. HP: 36/36 MP: 4/12
  3929 | D:4      | Found Tighaih's Vocational Training.
  4033 | D:4      | Noticed a black bear
  4047 | D:4      | Killed a black bear
  4048 | D:4      | Reached skill level 1 in Hexes
  4382 | D:4      | Identified the +8 flail of the Sage {heavy, Stlth+}
  4408 | D:4      | Found an ornate altar of the Wu Jian Council.
  4471 | D:4      | Found a transporter.
  4701 | D:5      | Entered Level 5 of the Dungeon
  4807 | D:5      | Reached skill level 6 in Summonings
  4923 | D:5      | Learned a level 4 spell: Summon Lightning Spire
  5069 | D:5      | Reached XP level 7. HP: 41/41 MP: 6/14
  5079 | D:5      | Reached skill level 1 in Air Magic
  5233 | D:5      | Found a staircase to the Ecumenical Temple.
  5313 | Temple   | Entered the Ecumenical Temple
  6044 | D:5      | Found an iron altar of Okawaru.
  6045 | D:5      | Found a snail-covered altar of Cheibriados.
  6045 | D:5      | Found a white marble altar of Elyvilon.
  6046 | D:5      | Found a glowing golden altar of the Shining One.
  6489 | D:6      | Reached skill level 5 in Spellcasting
  6552 | D:6      | Found a glowing drain.
  6565 | Sewer    | Entered a sewer
  6823 | Sewer    | Reached XP level 8. HP: 46/46 MP: 9/15
  7575 | D:6      | Reached skill level 7 in Summonings
  7578 | D:6      | HP: 2/46 [poisoned by a kobold brigand]
  8411 | D:7      | Found an opulent altar of Gozag.
  8515 | D:7      | Reached XP level 9. HP: 51/51 MP: 4/18
  8534 | D:7      | Reached skill level 8 in Summonings
  9843 | D:8      | Found a hazy altar of Hepliaklqana.
  9904 | D:8      | Reached skill level 9 in Summonings
  9941 | D:8      | Noticed a skeletal warrior
  9961 | D:8      | Killed a skeletal warrior
  9983 | D:8      | Noticed a skeletal warrior
 10001 | D:8      | Noticed a skeletal warrior
 10016 | D:8      | Killed a skeletal warrior
 10017 | D:8      | Reached skill level 10 in Summonings
 10017 | D:8      | Reached XP level 10. HP: 50/56 MP: 8/22
 10017 | D:8      | Noticed a skeletal warrior
 10027 | D:8      | Killed a skeletal warrior
 10046 | D:8      | Killed a skeletal warrior
 10355 | D:8      | Noticed a centaur warrior
 10683 | D:8      | Noticed a skeletal warrior
 10696 | D:8      | Killed a skeletal warrior
 10697 | D:8      | Reached skill level 11 in Summonings
 11080 | D:9      | Reached skill level 10 in Spellcasting
 11130 | D:9      | Found a staircase to the Orcish Mines.
 11138 | D:9      | Found a shimmering altar of Xom.
 11226 | D:7      | Became a worshipper of Gozag Ym Sagoz the Greedy
 11325 | D:9      | Reached XP level 11. HP: 61/61 MP: 23/25
 11446 | D:9      | Found a staircase to the Lair.
 11926 | D:9      | Found a burning altar of Makhleb.
 11931 | D:9      | Noticed a two-headed ogre
 11945 | D:9      | Killed a two-headed ogre
 11946 | D:9      | Reached skill level 12 in Summonings
 11948 | D:9      | Noticed a two-headed ogre
 11966 | D:9      | Killed a two-headed ogre
 12102 | D:9      | Noticed Prince Ribbit
 12118 | D:9      | Killed Prince Ribbit
 12472 | D:9      | Found a sacrificial altar of Ru.
 13049 | D:10     | Entered Level 10 of the Dungeon
 13436 | D:10     | Killed from afar by a gargoyle

Illustrated notes

Levels and vault maps discovered:
D:1:      scummos_arrival_checkerplants, layout_basic
D:2:      layout_loops_ring
D:3:      layout_basic, biasface_ghost_orc_armoury, uniq_robin
D:4:      layout_cave_pods, nzn_wu_jian_council_hall,
          gammafunk_ghost_stat_death, nicolae_shop_vocational
D:5:      layout_gridville, chequers_temple_overflow_statue_of_worship,
          temple_green, serial_rivers, chequers_serial_rivers_micro_d,
          chequers_serial_rivers_small_a, chequers_serial_rivers_micro_a,
          chequers_serial_rivers_marsh, chequers_serial_rivers_large_b,
          chequers_serial_rivers_micro_c, wad_rectangle_vault
D:6:      layout_loops_ring, cheibrodos_sewer_entry_drain
D:7:      layout_basic, grunt_gozag_breadcrumbs
D:8:      layout_basic, nicolae_hepliaklqana_hazy_memory, lightli_corner_chamber
D:9:      layout_loops_ring, lemuel_tele_altar, nicolae_ru_the_path_less_chosen,
          lemuel_doored_altar, grunt_lair_entry_orc_guard_hut, serial_rivers,
          chequers_serial_rivers_micro_d, chequers_serial_rivers_small_b,
          chequers_serial_rivers_small_a, chequers_serial_rivers_micro_c,
          chequers_serial_rivers_micro_c, uniq_prince_ribbit1
D:10:     layout_gridville, palyth_temple_overflow_mages, amethyst_killhole,
          serial_bayou_pond_c
Temple:   compressed_dpeg_triangle_lava_temple

Skill      XL: |  1  2  3  4  5  6  7  8  9 10 11 |
---------------+----------------------------------+-----
Spellcasting   | 3 4 5 6 8 10 11 | 11.2
Summonings     | 5 6 7 10 11 12 | 12.6
Hexes          | 2 3 4 |  4.0
Air Magic      | 2 4 |  4.0
Dodging        | |  2.0
Stealth        | |  2.6

Action                     |  1- 3 |  4- 6 |  7- 9 | 10-12 || total
---------------------------+-------+-------+-------+-------++-------
  Melee: Unarmed           |    42 |    47 |       |       ||    89
         Constrict         |    13 |    13 |     5 |     3 ||    34
         Tentacles         |     8 |    12 |     3 |     1 ||    24
         Punch             |     2 |       |       |       ||     2
         Flail             |       |     1 |    17 |    11 ||    29
   Cast: Summon Small Mamm |    20 |    40 |    38 |    19 ||   117
         Call Canine Famil |     3 |    29 |    39 |    22 ||    93
         Call Imp          |     1 |    22 |    29 |    13 ||    65
         Summon Guardian G |       |     2 |    12 |    26 ||    40
         Summon Lightning  |       |       |     8 |     9 ||    17
    Use: Scroll            |       |       |     7 |       ||     7
         Potion            |       |       |     4 |       ||     4
   Stab: Sleeping          |     3 |     2 |       |       ||     5
         Distracted        |       |       |     1 |       ||     1
 Armour: Skin              |     5 |     2 |     1 |     1 ||     9
  Dodge: Dodged            |    38 |    42 |    53 |    24 ||   157

Table legend: (Time is in decaauts)
 A = Elapsed time spent in this place.
 B = Non-inter-level travel time spent in this place.
 C = Inter-level travel time spent in this place.
 D = Time resting spent in this place.
 E = Time spent auto-exploring this place.
 F = Levels seen in this place.
 G = Mean time per level.
                   A        B        C        D        E       F      G
               +--------+--------+--------+--------+--------+-----+--------+
         Total |  13467 |  13017 |    450 |    719 |   9737 |  12 | 1122.2 |
       Dungeon |  12431 |  12001 |    430 |    719 |   9017 |  10 | 1243.1 |
        Temple |    227 |    207 |     20 |      0 |    201 |   1 |  227.0 |
         Sewer |    808 |    808 |      0 |      0 |    519 |   1 |  808.0 |
               +--------+--------+--------+--------+--------+-----+--------+

Top non-repeatable levels by time:
     D:9: 1902 daAuts
     D:5: 1571 daAuts
     D:2: 1438 daAuts
     D:7: 1427 daAuts
     D:8: 1408 daAuts
     D:3: 1296 daAuts
     D:4: 1294 daAuts
     D:6: 1026 daAuts
   Sewer: 808 daAuts
     D:1: 674 daAuts
    D:10: 393 daAuts
  Temple: 227 daAuts
